 Dungeon Crawl Stone Soup version 0.20-a0-1006-ge6c5631 (webtiles) character file.

95 FastMan the Shield-Bearer (level 4, -3/37 HPs)
             Began as a Formicid Fighter on Apr 14, 2017.
             Killed by divine providence
             ... invoked by an orc priest
              (10 damage)
             ... on level 4 of the Dungeon.
             The game lasted 00:01:12 (1857 turns).

FastMan the Shield-Bearer (Formicid Fighter)        Turns: 1857, Time: 00:01:13

Health: -3/37      AC: 10    Str: 20    XL:     4   Next: 97%
Magic:  4/4        EV:  6    Int:  8    God:
Gold:   107        SH:  9    Dex: 11    Spells: 3/3 levels left

rFire    . . .     SeeInvis +   a - +0 war axe
rCold    . . .     Gourm    .   c - +0 shield
rNeg     . . .     Faith    .   e - +0 chain mail (curse)
rPois    .         Spirit   .   (helmet unavailable)
rElec    .         Reflect  .   p - +0 cloak
rCorr    .         Harm     .   (no gloves)
MR       .....                  (no boots)
Stlth    ..........             (no amulet)
Regen    0.2/turn               (no ring)
MPRegen  0.1/turn               (no ring)

@: no status effects
A: permanent stasis, dig shafts and tunnels, four strong arms, antennae 3
a: Dig, Shaft Self


You were on level 4 of the Dungeon.
You were not hungry.

You visited 1 branch of the dungeon, and saw 4 of its levels.

You collected 107 gold pieces.

Inventory:

Hand Weapons
 a - a +0 war axe (weapon)
Armour
 b - a +0 scale mail
 c - a +0 shield (worn)
 e - a cursed +0 chain mail (worn)
 p - a +0 cloak (worn)
 q - a +0 plate armour
Scrolls
 h - a scroll of recharging {unknown}
 k - 2 scrolls of remove curse {unknown}
 m - a scroll of enchant armour {unknown}
 n - a scroll of blinking {unknown}
 o - 2 scrolls of immolation {unknown}
 t - a scroll of identify {unknown}
Potions
 d - 2 potions of might {@q4}
 g - a potion of magic {unknown}
 r - a potion of heal wounds {unknown}
Comestibles
 f - a bread ration {@e1}
 l - 2 meat rations {@e2}
 s - 2 royal jellies {@e3}


   Skills:
 + Level 4.0 Fighting
 * Level 3.5 Axes
 - Level 3.2 Armour
 + Level 4.5 Shields


You had 3 spell levels left.
You didn't know any spells.

Dungeon Overview and Level Annotations

Branches:
Dungeon (4/15)
 Temple: D:4-7

Altars:


Innate Abilities, Weirdness & Mutations

You cannot be hasted, slowed, berserked, paralysed or teleported.
You can dig through walls and to a lower floor.
Your four strong arms can wield two-handed weapons with a shield.
You have a pair of large antennae on your head. (SInv)


Message History

The orc priest is lightly wounded.
The orc priest hits you but does no damage.
You closely miss the orc priest.
The orc priest is lightly wounded.
The orc priest mumbles some strange prayers to Beogh against you.
Beogh smites you!
* * * LOW HITPOINT WARNING * * *
The orc priest hits you.
* * * LOW HITPOINT WARNING * * *
You barely miss the orc priest. You block the orc priest's attack.
Unknown command.
You completely miss the orc priest.
The orc priest hits you but does no damage.
Your shield and chain mail prevent you from hitting the orc priest.
You block the orc priest's attack. x2
Unknown command.
It was a potion of curing.
You feel better.
The orc priest invokes the aid of Beogh against you.
Beogh smites you!
You die...

... ... #.# #.#
#.## #..## {{ ##
####...######o..##
+..<).....@ogoo...
####[..##########.
#....# ####.# #.#
#.# #.# #.# #.#


You could see an orc priest, a gnoll and 3 orcs.

Vanquished Creatures
  A jelly (D:3)
  A gnoll (D:4)
  An ooze (D:2)
  A dart slug (D:1)
  2 leopard geckos (D:2)
  An orc (D:4)
  4 bats
  3 giant cockroaches
  2 goblins
  8 hobgoblins
  A quokka (D:2)
  A frilled lizard (D:1)
  14 kobolds
  5 rats
45 creatures vanquished.

Vanquished Creatures (others)
  2 fungi (D:2)
  10 toadstools (D:2)
12 creatures vanquished.

Grand Total: 57 creatures vanquished

Notes
Turn   | Place    | Note
-------+----------+-------------------------------------------
     0 | D:1      | FastMan the Formicid Fighter began the quest for the Orb.
     0 | D:1      | Reached XP level 1. HP: 18/18 MP: 1/1
   339 | D:1      | Reached XP level 2. HP: 21/24 MP: 2/2
   750 | D:1      | Reached XP level 3. HP: 29/29 MP: 3/3
  1347 | D:2      | Reached XP level 4. HP: 36/37 MP: 4/4
  1853 | D:4      | HP: 1/37 [orc priest (4)]
  1857 | D:4      | Killed from afar by an orc priest

Vault maps used:
D:1:      sevenhm_arrival_forest_fort_small_3, minmay_tetromino_i2
D:2:      cheibrodos_fertilizer, minmay_misc_feat_plants
D:3:      overflow_temple_1_default, uniq_iyjb
D:4:      chequers_temple_overflow_minitemple, temple_pool_b, serial_glass,
          glass_columns_a, glass_columns_c, grunt_decor_resistance

Skill      XL: |  1  2  3  4 |
---------------+-------------+-----
Shields        | 4 |  4.5
Axes           | 3 |  3.5
Fighting       | 4 |  4.0
Armour         | |  3.2

Action                   |  1- 3 |  4- 6 || total
-------------------------+-------+-------++-------
Melee: War axe           |   130 |    38 ||   168
  Use: Potion            |       |     1 ||     1
  Eat: Chunk             |     2 |     1 ||     3
Armor: Chain mail        |    77 |    33 ||   110
       Scale mail        |     2 |       ||     2
Dodge: Dodged            |    30 |    13 ||    43
Block: Shield            |    67 |    26 ||    93
